General information
			
			
        
        - name: 1v1 Obs from 0bs w/ <19
 
        - type: Custom game
 
        - host: ElectricCoolAid
 
        - saver: TIMG4STRok
 
        
map: EchoIsles 
        - players: 12
 
        - length: 21:22
 
        - speed: Fast
 - version: 1.22 W3XP
 - replay type:  

 
» download(79 KB)
Players
        team 1 (winner) 
              
              
ElectricCoolAid (
blue | 68 APM | 1445 actions | 21:22)
              
 6 Far Seer 
 3 Feral Spirit
 2 Chain Lighting
 1 Earth Quake
 4 Firelord 
 2 Summon Lava Spawn
 2 Incinerate
 
                » actions 
                
                | Assign group hotkey | 15 |  | 
| Basic commands | 86 |  | 
| Build / train | 79 |  | 
| ESC pressed | 1 |  | 
| Enter build submenu | 21 |  | 
| Enter hero's abilities submenu | 10 |  | 
| Give item / drop item | 8 |  | 
| Remove unit from queue | 2 |  | 
| Right click | 616 |  | 
| Select / deselect | 440 |  | 
| Select group hotkey | 8 |  | 
| Use ability | 159 |  | 
                1445 total
 » units 
                
                | Peon | 10 |  | 
| Grunt | 4 |  | 
| Forest Troll Shadow Priest | 2 |  | 
| Spirit Walker | 7 |  | 
| Raider | 6 |  | 
| Forest Troll Berserker | 1 |  | 
| Mud Golem | 1 |  | 
| Troll Headhunter/Berserker | 1 |  | 
| Kodo Beast | 1 |  | 
| Demolisher | 1 |  | 
                34 total
 » upgrades
                
                | Berserker Strength | 1 |  | 
| Spirit Walker Training | 2 |  | 
| Ensnare | 1 |  | 
| Reinforced Defenses | 1 |  | 
| Armor | 1 |  | 
                6 total
 » buildings
                
                | Altar of Storms | 1 |  | 
| Orc Burrow | 7 |  | 
| Barracks | 1 |  | 
| Voodoo Lounge | 1 |  | 
| Stronghold | 1 |  | 
| Beastiary | 1 |  | 
| Spirit Lodge | 1 |  | 
| War Mill | 1 |  | 
| Great Hall | 2 |  | 
| Watch Tower | 4 |  | 
| Fortress | 1 |  | 
                21 total
 » build order
                00:05 Altar of Storms
00:14 Orc Burrow
00:36 Barracks
01:22 Orc Burrow
01:49 Voodoo Lounge
03:00 Stronghold
03:40 Orc Burrow
05:31 Beastiary
05:37 Spirit Lodge
06:22 War Mill
08:09 Orc Burrow
08:56 Orc Burrow
09:05 Great Hall
10:49 Orc Burrow
10:55 Watch Tower
10:56 Watch Tower
10:58 Fortress
13:38 Great Hall
13:39 Watch Tower
13:40 Watch Tower
19:18 Orc Burrow
» items
                
                | Healing Salve | 8 |  | 
| Lesser Clarity Potion | 7 |  | 
| Sentry Wards | 1 |  | 
| Scroll of Healing | 2 |  | 
| Potion of Lesser Invulnerability | 1 |  | 
| Orb of Lightning | 2 |  | 
| Scroll of Town Portal | 1 |  | 
| Potion of Healing | 1 |  | 
                23 total
  
               team 2 (loser) 
              
              
» 
TIMG4STRok (
gray | 138 APM | 2947 actions | 21:22)
              
 5 Goblin Tinker 
 3 Cluster Rockets
 2 Engineering Upgrade
 2 Tauren Chieftain 
 1 War Stomp
 1 Endurance Aura
 
                » actions 
                
                | Assign group hotkey | 39 |  | 
| Basic commands | 51 |  | 
| Build / train | 78 |  | 
| ESC pressed | 4 |  | 
| Enter build submenu | 14 |  | 
| Enter hero's abilities submenu | 7 |  | 
| Give item / drop item | 5 |  | 
| Right click | 1386 |  | 
| Select / deselect | 373 |  | 
| Select group hotkey | 843 |  | 
| Use ability | 147 |  | 
                2947 total
 » units 
                
                | Peon | 8 |  | 
| Grunt | 7 |  | 
| Spirit Walker | 7 |  | 
| Raider | 2 |  | 
| Troll Headhunter/Berserker | 9 |  | 
| Kodo Beast | 2 |  | 
                35 total
 » upgrades
                
                | Berserker Strength | 1 |  | 
| Ensnare | 1 |  | 
| Spirit Walker Training | 2 |  | 
| Armor | 1 |  | 
| Berserker Upgrade | 1 |  | 
| Ranged Weapons | 1 |  | 
| War Drums Damage Increase | 1 |  | 
                8 total
 » buildings
                
                | Altar of Storms | 2 |  | 
| Barracks | 2 |  | 
| Orc Burrow | 5 |  | 
| Voodoo Lounge | 2 |  | 
| Stronghold | 1 |  | 
| Spirit Lodge | 1 |  | 
| Beastiary | 1 |  | 
| War Mill | 1 |  | 
| Fortress | 1 |  | 
                16 total
 » build order
                00:03 Altar of Storms
00:05 Barracks
00:10 Orc Burrow
00:44 Altar of Storms
01:32 Orc Burrow
02:42 Voodoo Lounge
03:18 Stronghold
03:56 Orc Burrow
05:43 Spirit Lodge
06:19 Beastiary
06:28 Orc Burrow
09:25 War Mill
10:44 Orc Burrow
11:28 Fortress
13:28 Barracks
17:08 Voodoo Lounge
» items
                
                | Healing Salve | 9 |  | 
| Lesser Clarity Potion | 7 |  | 
| Scroll of Speed | 3 |  | 
| Boots of Speed | 1 |  | 
| Circlet of Nobility | 1 |  | 
| Potion of Healing | 1 |  | 
                22 total
  
               observersFroppy, 
KoGG.GreeN, 
Liko, 
keven616, 
RobLovesToObs, 
Critique, 
bLinn, 
ActionJackson3, 
Psilocibyn, 
adobe- Chat log
          (00:16 / All) TIMG4STRok: gg gl
(00:19 / All) ElectricCoolAid: gl hf
(08:37 / All) ElectricCoolAid: lol
(21:21 / All) TIMG4STRok: GG